 Dungeon Crawl Stone Soup version 0.29.1-1-gd02db6906a (webtiles) character file.

Game seed: 10508057550570212484

873 MacCMillion the Frost Mage (level 8, 0/58 HPs)
             Began as a Merfolk Ice Elementalist on Sept 23, 2022.
             Was an Initiate of Vehumet.
             Slain by a killer bee (5 damage)
             ... on level 5 of the Dungeon.
             The game lasted 00:18:54 (6233 turns).

MacCMillion the Frost Mage (MfIE)                   Turns: 6233, Time: 00:18:54

Health: 0/58       AC:  4    Str: 14    XL:     8   Next: 4%
Magic:  9/12       EV: 14    Int: 16    God:    Vehumet [......]
Gold:   245        SH:  0    Dex: 15    Spells: 6/13 levels left

rFire   . . .      SeeInvis .   p - +2 quarterstaff (drain)
rCold   . . .      Faith    .   (shield currently unavailable)
rNeg    . . .      Spirit   .   a - +0 robe
rPois   .          Reflect  .   u - +2 hat
rElec   .          Harm     .   (no cloak)
rCorr   .          Rampage  .   (no gloves)
Will    .....                   (no boots)
Stlth   ++........              (no amulet)
HPRegen 0.19/turn               c - +6 ring of strength
MPRegen 0.13/turn               d - ring of flight

@: mighty, lethally poisoned (0 -> -14), freezing walls, flying
A: (nimble swimmer 2), mertail
a: Renounce Religion


You were on level 5 of the Dungeon.
You worshipped Vehumet.
Vehumet was noncommittal.
You visited 2 branches of the dungeon, and saw 6 of its levels.

You collected 301 gold pieces.
You spent 56 gold pieces at shops.

Inventory:

Hand Weapons
 g - a +2 dagger of holy wrath
 p - a +2 quarterstaff of draining (weapon)
Armour
 a - a +0 robe (worn)
 h - a +0 kite shield
 u - a +2 hat (worn)
Jewellery
 c - a +6 ring of strength (left hand)
 d - a ring of flight (right hand)
 f - an amulet of magic regeneration
 l - an amulet of regeneration
Scrolls
 e - a scroll of torment {unknown}
 k - a scroll of noise
 o - a scroll of teleportation {unknown}
 r - 3 scrolls of fear
 t - a scroll of enchant weapon
 v - a scroll of magic mapping {unknown}
 x - a scroll of amnesia {unknown}
 y - 2 scrolls of identify
 z - a scroll of immolation {unknown}
 B - a scroll of summoning {unknown}
Potions
 b - a potion of magic
 i - 3 potions of ambrosia
 j - 2 potions of flight
 m - 2 potions of heal wounds
 n - a potion of might
 q - 3 potions of curing {unknown}
 s - a potion of degeneration {unknown}
 w - a potion of mutation {unknown}
 A - a potion of attraction {unknown}


   Skills:
 + Level 3.3 Fighting
 + Level 5.2 Dodging
 - Level 2.4 Stealth
 - Level 3.0 Spellcasting
 + Level 8.8 Ice Magic


You had 6 spell levels left.
You knew the following spells:

 Your Spells              Type           Power      Damage    Failure   Level
a - Freeze                Ice            100%       1d11      1%          1
b - Frozen Ramparts       Ice            60%        1d10      1%          3
c - Ozocubu's Armour      Ice            30%        N/A       1%          3

Your spell library contained the following spells:

 Spells                   Type           Power      Damage    Failure   Level
 Beastly Appendage        Tmut           4%         N/A       19%         1
 Wereblood                Tmut           2%         N/A       28%         2
 Hailstorm                Conj/Ice       16%        3d6       30%         4
 Spider Form              Tmut/Pois      2%         N/A       50%         3


Dungeon Overview and Level Annotations

Branches:
Dungeon (5/15)             Temple (1/1) D:5

Altars:
Fedhas
Kikubaaqudgha
Sif Muna
Vehumet
Xom
Zin
The Shining One

Shops:
D:2 *   D:3 [

Annotations:
D:4 Edmund
D:5 exclusion: 3 killer bees


Innate Abilities, Weirdness & Mutations

((You are very nimble when in or above water. (Stealth+, EV+, Speed+++)))
Your lower body shifts to a powerful aquatic tail in water.


Message History

The killer bee attacks as you move away!
The killer bee misses you.
You feel very sick. The killer bee stings you. The killer bee misses you.
Casting: Freeze (safe; 1% risk of failure)
Confirm with . or Enter, or press ? or * to list all spells.
Casting: Frozen Ramparts (safe; 1% risk of failure)
Press: ? - help, Dir - look around, f - activate
Okay, then.
You feel very sick.
The killer bee buzzes angrily.
The killer bee closely misses you. x2
The killer bee stings you but does no damage.
The killer bee closely misses you.
It was a potion of might.
You feel very mighty all of a sudden.
You feel very sick. The killer bee stings you.
* * * LOW HITPOINT WARNING * * *
The killer bee barely misses you. x2; The killer bee misses you.
The killer bee barely misses you. x2; The killer bee closely misses you.
Casting: Frozen Ramparts (safe; 1% risk of failure)
Confirm with . or Enter, or press ? or * to list all spells.
Casting: Frozen Ramparts (safe; 1% risk of failure)
Press: ? - help, Dir - look around, f - activate The walls around you are covered in ice.
You feel sick.
The wall freezes the killer bee.
The killer bee misses you. x2
The wall freezes the killer bee but does no damage.
The killer bee closely misses you.
The wall freezes the killer bee.
The killer bee barely misses you.
The wall freezes the killer bee.
The killer bee stings you!
* * * LOW HITPOINT WARNING * * *
The wall freezes the killer bee. x2; The killer bee stings you.
* * * LOW HITPOINT WARNING * * *
You are more poisoned.
The killer bee poisons you!
The wall freezes the killer bee.
The killer bee stings you.
* * * LOW HITPOINT WARNING * * *
The killer bee stings you.
You die...

#...........##...#
#...#..#######....
##...#.......##....
##...###............
#...................
#...#.....#..........
#.###..>..###........
#...#y....#....######
##..@yy........##...#
#..yy###.......#....
#.....#........#....
##.#..#........#....
#............ #....
##..### #..## #####
##...###+#####....
#....#............
#....#............


You could see 5 killer bees.

Vanquished Creatures
  2 black bears (D:5)
  An ogre (D:5)
  A necrophage (D:4)
  A gnoll sergeant (D:5)
  A killer bee (Temple)
  A gnoll bouda (D:4)
  2 hounds
  An orc priest (D:4)
  An iguana (D:4)
  Terence (D:2)
  2 orc wizards
  9 gnolls
  5 adders
  A shadow imp (D:5)
  A worm (D:3)
  2 dart slugs
  13 orcs
  8 ball pythons
  7 endoplasms
  4 giant cockroaches
  5 hobgoblins
  5 quokkas (D:1)
  6 bats
  2 frilled lizards
  5 goblins
  6 kobolds
  3 rats
96 creatures vanquished.

Notes
Turn   | Place    | Note
-------+----------+-------------------------------------------
     0 | D:1      | MacCMillion the Merfolk Ice Elementalist began the quest
                  | for the Orb.
     0 | D:1      | Reached XP level 1. HP: 13/13 MP: 3/3
   123 | D:1      | Reached XP level 2. HP: 18/19 MP: 1/5
   285 | D:1      | Found a faded altar of an unknown god.
   489 | D:1      | Reached skill level 5 in Ice Magic
   724 | D:1      | Reached XP level 3. HP: 24/24 MP: 3/6
  1302 | D:2      | Learned a level 3 spell: Frozen Ramparts
  1341 | D:2      | Found Hezacump's General Store.
  1349 | D:2      | Bought a scroll of fear for 56 gold pieces
  1453 | D:2      | Noticed Terence
  1470 | D:2      | Killed Terence
  1471 | D:2      | Reached XP level 4. HP: 30/30 MP: 0/7
  1591 | D:2      | Reached skill level 6 in Ice Magic
  2559 | D:3      | You are sucked into a shaft and drop 1 floor!
  2604 | D:3      | Found Vemool's Antique Armour Emporium.
  2896 | D:3      | Reached XP level 5. HP: 35/35 MP: 4/8
  3759 | D:4      | Reached skill level 7 in Ice Magic
  3759 | D:4      | Reached XP level 6. HP: 39/41 MP: 2/10
  3970 | D:4      | Found a shimmering altar of Xom.
  4017 | D:4      | Found a glowing golden altar of the Shining One.
  4114 | D:4      | Noticed Edmund
  4237 | D:4      | Learned a level 3 spell: Ozocubu's Armour
  4320 | D:5      | Entered Level 5 of the Dungeon
  4379 | D:5      | Noticed a black bear
  4480 | D:5      | Reached skill level 8 in Ice Magic
  4485 | D:5      | Killed a black bear
  4486 | D:5      | Reached skill level 1 in Fighting
  4486 | D:5      | Reached XP level 7. HP: 46/48 MP: 1/11
  5832 | D:5      | Reached skill level 5 in Dodging
  5989 | D:5      | Found a staircase to the Ecumenical Temple.
  6109 | Temple   | Entered the Ecumenical Temple
  6114 | Temple   | Reached XP level 8. HP: 51/58 MP: 7/12
  6214 | Temple   | Became a worshipper of Vehumet
  6233 | D:5      | Slain by a killer bee

Illustrated notes

Levels and vault maps discovered:
D:1:      dpeg_arrival_rhombus, layout_rooms,
          dilly_ecumenical_altar_fadedgnrine, minmay_vboxes
D:2:      layout_rooms, serial_shops, nicolae_shop_waterfront,
          minmay_misc_feat_diagonals, grunt_ministairs_6, uniq_terence
D:3:      layout_rooms, serial_shops, nicolae_shop_crystal, serial_forest,
          infiniplex_forest_end_2, infiniplex_forest_end_2,
          infiniplex_forest_corner_2, infiniplex_forest_end_2,
          infiniplex_forest_clump_double, infiniplex_forest_straight_4,
          infiniplex_forest_lined_ring, infiniplex_forest_end_3,
          infiniplex_forest_end_3
D:4:      layout_loops_corners, nicolae_overflow_hidden_temple, uniq_edmund
D:5:      layout_gridville, minmay_temple_entry_tees, kennysheep_generic_room_2
Temple:   regret_index_temple_waves

Skill      XL: |  1  2  3  4  5  6  7 |
---------------+----------------------+-----
Dodging        | 3 5 |  5.2
Ice Magic      | 5 6 7 8 |  8.8
Spellcasting   | 3 |  3.0
Fighting       | 1 3 |  3.3
Stealth        | |  2.4

Action                   |  1- 3 |  4- 6 |  7- 9 || total
-------------------------+-------+-------+-------++-------
Melee: Unarmed           |     1 |       |       ||     1
       Quarterstaff      |       |    14 |     5 ||    19
 Cast: Freeze            |    43 |    51 |    29 ||   123
       Frozen Ramparts   |     1 |    12 |     8 ||    21
       Ozocubu's Armour  |       |     2 |     1 ||     3
  Use: Scroll            |       |     5 |       ||     5
       Potion            |       |       |     1 ||     1
Armor: Robe              |     8 |     9 |     8 ||    25
Dodge: Dodged            |    14 |    25 |    89 ||   128
